[Event "22nd ETCC Women 2019"]
[Site "Batumi"]
[Date "2019.10.26"]
[Round "3.3"]
[White "Matnadze, Ana"]
[Black "Girya, Olga"]
[Result "0-1"]
[ECO "A06"]
[WhiteElo "2383"]
[BlackElo "2476"]
[Annotator "ChessBase"]
[PlyCount "120"]
[EventDate "2019.10.24"]
[EventType "team-tourn"]
[EventCountry "GEO"]
[SourceTitle "playchess.com"]
[Source "ChessBase"]
[SourceQuality "1"]
[WhiteTeam "Spain"]
[BlackTeam "Russia"]
[WhiteTeamCountry "ESP"]
[BlackTeamCountry "RUS"]
[TimeControl "40/5400+30:1800+30"]

1. Nf3 d5 2. b3 Bg4 3. Bb2 Nf6 4. g3 Nbd7 5. Bg2 e6 6. O-O c6 7. d3 Bd6 8. Nbd2 O-O 9. h3 Bh5 10. a3 a5 11. e4 e5 12. Re1 Re8 13. Qc1 Qb6 14. Re2 Rad8 15. Qe1 Qc7 16. Nf1 dxe4 17. dxe4 Nc5 18. Ne3 b5 19. Nf5 Bf8 20. g4 Bg6 21. Bc3 Ra8 22. Rd1 Nb7 23. Bb2 Rad8 24. Rxd8 Nxd8 25. Rd2 Nb7 26. Nh2 Nc5 27. h4 h5 28. g5 Nfxe4 29. Bxe4 Nxe4 30. Qxe4 Qc8 31. Nh6+ gxh6 32. Qe3 hxg5 33. hxg5 Bg7 34. Bc3 a4 35. Qg3 axb3 36. cxb3 Qf5 37. Nf1 Qb1 38. Bb2 c5 39. Qc3 Qf5 40. Qe3 c4 41. Ng3 Qg4 42. Kh2 h4 43. Ne2 Be4 44. Qh3 Qxg5 45. Rd1 Bf5 46. Qc3 Qg4 47. Qe3 Qe4 48. bxc4 Qxe3 49. fxe3 Bg4 50. Re1 bxc4 51. Bc3 Rd8 52. Nc1 f6 53. a4 Kf7 54. a5 Bf8 55. Na2 e4 56. Kg1 Bf3 57. Bb4 Bxb4 58. Nxb4 Rd2 59. Rf1 h3 60. Rf2 Rxf2 0-1

[Event "22nd ETCC Women 2019"]
[Site "Batumi"]
[Date "2019.10.26"]
[Round "3.3"]
[White "Norlamo, Sarabella"]
[Black "Velikic, Adela"]
[Result "0-1"]
[ECO "D20"]
[WhiteElo "2020"]
[BlackElo "2275"]
[Annotator "NA"]
[PlyCount "118"]
[EventDate "2019.10.24"]
[EventType "team-tourn"]
[EventCountry "GEO"]
[SourceTitle "playchess.com"]
[Source "ChessBase"]
[SourceQuality "1"]
[WhiteTeam "Finland"]
[BlackTeam "Serbia"]
[WhiteTeamCountry "FIN"]
[BlackTeamCountry "SRB"]
[TimeControl "40/5400+30:1800+30"]

1. d4 d5 2. c4 dxc4 3. e3 Nf6 4. Bxc4 e6 5. Nf3 a6 6. O-O c5 7. dxc5 Qxd1 8. Rxd1 Bxc5 9. b3 O-O 10. Ba3 Nbd7 11. Bxc5 Nxc5 12. Nc3 b5 13. Bf1 Bb7 14. b4 Nce4 15. Nxe4 Bxe4 16. Bd3 Bxd3 17. Rxd3 Nd5 18. a3 a5 19. bxa5 Rxa5 20. Rb1 Rc8 21. h3 Nc3 22. Rb3 Ne4 23. Rd1 Kf8 24. Nd4 Rc5 25. Rbd3 Rc3 26. f3 Raxa3 27. Nxe6+ Ke7 28. Rd7+ Kxe6 29. fxe4 Rc1 30. Kf2 Rxd1 31. Rxd1 Ra2+ 32. Kf3 Rb2 33. Rd8 b4 34. Rb8 b3 35. Rb7 g6 36. Rb6+ Kd7 37. Rb7+ Kc6 38. Rb8 Kc5 39. Rc8+ Kb4 40. Rb8+ Kc3 41. Rb7 Rd2 42. Rc7+ Kd3 43. Rxf7 b2 44. Rb7 Kc2 45. e5 b1=Q 46. Rxb1 Kxb1 47. Ke4 Kc2 48. e6 Rd8 49. g4 Kd2 50. Ke5 Kxe3 51. e7 Ra8 52. Kf6 Kf4 53. Kg7 g5 54. Kf6 h6 55. Kg6 Re8 56. Kf7 Rxe7+ 57. Kxe7 Kg3 58. Kf6 Kxh3 59. Kf5 Kh4 0-1

[Event "22nd ETCC Women 2019"]
[Site "Batumi"]
[Date "2019.10.26"]
[Round "3.4"]
[White "Kashlinskaya, Alina"]
[Black "Calzetta Ruiz, Monica"]
[Result "0-1"]
[ECO "A58"]
[WhiteElo "2481"]
[BlackElo "2251"]
[Annotator "ChessBase"]
[PlyCount "90"]
[EventDate "2019.10.24"]
[EventType "team-tourn"]
[EventCountry "GEO"]
[SourceTitle "playchess.com"]
[Source "ChessBase"]
[SourceQuality "1"]
[WhiteTeam "Russia"]
[BlackTeam "Spain"]
[WhiteTeamCountry "RUS"]
[BlackTeamCountry "ESP"]
[TimeControl "40/5400+30:1800+30"]

1. d4 Nf6 2. c4 c5 3. d5 b5 4. cxb5 a6 5. bxa6 e6 6. Nc3 exd5 7. Nxd5 Be7 8. Nxe7 Qxe7 9. e3 O-O 10. Nf3 Ne4 11. Bd2 d5 12. Be2 Bxa6 13. Bxa6 Rxa6 14. O-O Nd7 15. Bc3 Nxc3 16. bxc3 Nf6 17. Qc2 Rfa8 18. Rfd1 Ra4 19. h3 g6 20. Qb2 Qe6 21. Nd2 Qa6 22. Nb3 Qc4 23. Qd2 Ra3 24. Rdc1 Ne4 25. Qb2 Qb5 26. Qc2 c4 27. Nd4 Qa6 28. Ne2 Qf6 29. Nf4 Nxc3 30. Qd2 Qe5 31. Qb2 d4 32. exd4 Qxd4 33. Nd5 Rxa2 34. Rxa2 Rxa2 35. Ne7+ Kf8 36. Nc6 Qc5 37. Qb8+ Kg7 38. Kh1 Ne2 39. Rd1 Qxc6 40. Rd8 Qc5 41. Rh8 Qd4 42. Kh2 Qf4+ 43. Qxf4 Nxf4 44. Rc8 Rc2 45. Kg3 Nd3 0-1

[Event "22nd ETCC Women 2019"]
[Site "Batumi"]
[Date "2019.10.26"]
[Round "3.4"]
[White "Gajcin, Marina"]
[Black "Lehtinen, Helja"]
[Result "1-0"]
[ECO "B40"]
[WhiteElo "2262"]
[BlackElo "1802"]
[Annotator "NA"]
[PlyCount "117"]
[EventDate "2019.10.24"]
[EventType "team-tourn"]
[EventCountry "GEO"]
[SourceTitle "playchess.com"]
[Source "ChessBase"]
[SourceQuality "1"]
[WhiteTeam "Serbia"]
[BlackTeam "Finland"]
[WhiteTeamCountry "SRB"]
[BlackTeamCountry "FIN"]
[TimeControl "40/5400+30:1800+30"]

1. e4 c5 2. Nf3 e6 3. d4 cxd4 4. Nxd4 Nf6 5. Nc3 Nc6 6. Ndb5 Bb4 7. a3 Bxc3+ 8. Nxc3 d5 9. exd5 exd5 10. Bd3 O-O 11. O-O d4 12. Ne2 Bg4 13. Bg5 Bxe2 14. Qxe2 Re8 15. Qf3 Ne5 16. Qxb7 Nxd3 17. cxd3 Qd5 18. Qxd5 Nxd5 19. Rac1 f6 20. Rc5 Nb6 21. Bf4 Re2 22. b4 g5 23. Bc1 Rc8 24. Rxc8+ Nxc8 25. h4 gxh4 26. Bf4 Ra2 27. Re1 Kf7 28. Re4 Rxa3 29. Rxd4 Ne7 30. Be3 Nc6 31. Rxh4 Rxd3 32. b5 Rd1+ 33. Kh2 Ne5 34. Rxh7+ Kg6 35. Rxa7 Rb1 36. Rb7 Kf5 37. b6 Rb3 38. Kg3 Nc4 39. Kf3 Ne5+ 40. Ke2 Nc4 41. Bd4 Nd6 42. Re7 Nb5 43. Be3 Nc3+ 44. Kf3 Nd5 45. Rb7 Nb4 46. Rc7 Nd5 47. Rb7 Nb4 48. g4+ Ke6 49. Ke4 Nd5 50. Rb8 Ne7 51. Rf8 Ng6 52. Re8+ Kd7 53. Rg8 Ne7 54. Rf8 Ke6 55. Bd4 Nd5 56. f4 Rb4 57. f5+ Ke7 58. Kxd5 Kxf8 59. Bc5+ 1-0

[Event "22nd ETCC Women 2019"]
[Site "Batumi"]
[Date "2019.10.26"]
[Round "3.5"]
[White "Bulmaga, Irina"]
[Black "Dzagnidze, Nana"]
[Result "0-1"]
[ECO "B43"]
[WhiteElo "2442"]
[BlackElo "2502"]
[Annotator "ChessBase"]
[PlyCount "169"]
[EventDate "2019.10.24"]
[EventType "team-tourn"]
[EventCountry "GEO"]
[SourceTitle "playchess.com"]
[Source "ChessBase"]
[SourceQuality "1"]
[WhiteTeam "Romania"]
[BlackTeam "Georgia"]
[WhiteTeamCountry "ROU"]
[BlackTeamCountry "GEO"]
[TimeControl "40/5400+30:1800+30"]

1. e4 c5 2. Nf3 a6 3. Nc3 e6 4. d4 cxd4 5. Nxd4 Qc7 6. Bd3 Nf6 7. f4 Bb4 8. Bd2 d6 9. Qf3 e5 10. fxe5 dxe5 11. Nf5 Bxf5 12. Qxf5 Nc6 13. O-O-O Nd4 14. Qh3 O-O 15. Kb1 Bxc3 16. Bxc3 Rfd8 17. Rhf1 Rac8 18. Bxd4 Rxd4 19. c3 Rd6 20. Bc2 Rcd8 21. Rxd6 Rxd6 22. Qf5 g6 23. Qf3 Kg7 24. g4 h6 25. Bb3 Qe7 26. h4 Rd7 27. h5 g5 28. Bd5 b5 29. a3 Rd6 30. Bb3 a5 31. Qe2 Qd7 32. Kc1 b4 33. cxb4 axb4 34. a4 Rd3 35. Bd5 Rd4 36. Qf3 Nxd5 37. exd5 Rf4 38. Qd3 Rxf1+ 39. Qxf1 Qxd5 40. Qb5 Qd4 41. a5 e4 42. a6 e3 43. a7 Qxa7 44. Qxb4 Qd7 45. Qc3+ Kg8 46. Qxe3 Qxg4 47. Qe8+ Kg7 48. Qe5+ Kh7 49. Qf6 Qxh5 50. b4 g4 51. Kd2 Qd5+ 52. Ke1 Kg8 53. Qxh6 g3 54. Qf4 Qd3 55. Qg5+ Kf8 56. Qc5+ Ke8 57. b5 Qf3 58. b6 g2 59. Qf2 Qe4+ 60. Kd2 f5 61. Qc5 f4 62. Qc8+ Kf7 63. Qd7+ Kf6 64. Qd8+ Kf5 65. Qd7+ Kg5 66. Qg7+ Kh4 67. b7 Qe3+ 68. Kc2 g1=Q 69. Qxg1 Qxg1 70. b8=Q Qe3 71. Kd1 Kg3 72. Qg8+ Kf2 73. Qa2+ Kg1 74. Qg8+ Qg3 75. Qd5 f3 76. Qd4+ Kh1 77. Qe4 Qg1+ 78. Kd2 Qg2+ 79. Kc3 f2 80. Qh4+ Kg1 81. Qd4 Qg5 82. Kd3 Kg2 83. Qe4+ Kg3 84. Qh1 f1=Q+ 85. Kd4 0-1

[Event "22nd ETCC Women 2019"]
[Site "Batumi"]
[Date "2019.10.26"]
[Round "3.5"]
[White "Hoolt, Sarah"]
[Black "Unuk, Laura"]
[Result "1/2-1/2"]
[ECO "B18"]
[WhiteElo "2323"]
[BlackElo "2278"]
[Annotator "NA"]
[PlyCount "55"]
[EventDate "2019.10.24"]
[EventType "team-tourn"]
[EventCountry "GEO"]
[SourceTitle "playchess.com"]
[Source "ChessBase"]
[SourceQuality "1"]
[WhiteTeam "GER"]
[BlackTeam "SLO"]
[WhiteTeamCountry "GER"]
[BlackTeamCountry "SLO"]
[TimeControl "40/5400+30:1800+30"]

1. e4 c6 2. d4 d5 3. Nc3 dxe4 4. Nxe4 Bf5 5. Ng3 Bg6 6. h4 h6 7. Nf3 e6 8. Bd3 Bxd3 9. Qxd3 Nf6 10. Bd2 Be7 11. O-O-O O-O 12. Qe2 Nbd7 13. Nf1 c5 14. g4 Nxg4 15. Rg1 h5 16. Ng3 g6 17. Nxh5 gxh5 18. Nh2 f5 19. Nxg4 hxg4 20. Rxg4+ Kf7 21. Rg6 Kxg6 22. Rg1+ Bg5 23. Qxe6+ Rf6 24. Rxg5+ Kh7 25. Rh5+ Kg7 26. Rg5+ Kh7 27. Rh5+ Kg7 28. Rg5+ 1/2-1/2

[Event "22nd ETCC Women 2019"]
[Site "Batumi"]
[Date "2019.10.26"]
[Round "3.6"]
[White "Javakhishvili, Lela"]
[Black "Peptan, Corina-Isabela"]
[Result "1/2-1/2"]
[ECO "E15"]
[WhiteElo "2457"]
[BlackElo "2371"]
[Annotator "ChessBase"]
[PlyCount "124"]
[EventDate "2019.10.24"]
[EventType "team-tourn"]
[EventCountry "GEO"]
[SourceTitle "playchess.com"]
[Source "ChessBase"]
[SourceQuality "1"]
[WhiteTeam "Georgia"]
[BlackTeam "Romania"]
[WhiteTeamCountry "GEO"]
[BlackTeamCountry "ROU"]
[TimeControl "40/5400+30:1800+30"]

1. d4 Nf6 2. c4 e6 3. Nf3 b6 4. g3 Ba6 5. Qb3 c6 6. Bf4 Be7 7. Nc3 d5 8. cxd5 exd5 9. Bg2 Nbd7 10. O-O O-O 11. Rfe1 Bb7 12. Rad1 Re8 13. Ne5 Nxe5 14. dxe5 Nd7 15. Qc2 Bc5 16. a3 Nxe5 17. b4 Bf8 18. b5 Qc8 19. bxc6 Bxc6 20. Nxd5 Bxd5 21. Qxc8 Raxc8 22. Rxd5 Ng6 23. Bd6 Bxd6 24. Rxd6 Kf8 25. f4 Red8 26. Rxd8+ Rxd8 27. Rc1 Ke7 28. Bh3 Kd6 29. e4 f6 30. Kf2 Ne7 31. Ke3 h6 32. Bf1 Nc6 33. Bb5 Ne7 34. a4 a5 35. h4 g6 36. Rc2 h5 37. Rc1 f5 38. e5+ Ke6 39. Bc4+ Kd7 40. Rd1+ Kc7 41. Rxd8 Kxd8 42. Kd4 Ke8 43. Bb5+ Kd8 44. Kc4 Kc7 45. Be8 Kd8 46. Bf7 Kc7 47. Kb5 Kb7 48. Be8 Kc7 49. Ka6 Kd8 50. Kxb6 Kxe8 51. Kxa5 Nd5 52. Ka6 Nxf4 53. a5 Nd5 54. Kb5 Kd7 55. Kc5 Ke6 56. a6 Kxe5 57. a7 Nc7 58. Kc6 Na8 59. Kd7 Nb6+ 60. Kc6 Na8 61. Kd7 Ke4 62. Kc6 Ke5 1/2-1/2

[Event "22nd ETCC Women 2019"]
[Site "Batumi"]
[Date "2019.10.26"]
[Round "3.6"]
[White "Janzelj, Lara"]
[Black "Sieber, Fiona"]
[Result "1-0"]
[ECO "D86"]
[WhiteElo "2159"]
[BlackElo "2252"]
[Annotator "NA"]
[PlyCount "85"]
[EventDate "2019.10.24"]
[EventType "team-tourn"]
[EventCountry "GEO"]
[SourceTitle "playchess.com"]
[Source "ChessBase"]
[SourceQuality "1"]
[WhiteTeam "Slovenia"]
[BlackTeam "Germany"]
[WhiteTeamCountry "SLO"]
[BlackTeamCountry "GER"]
[TimeControl "40/5400+30:1800+30"]

1. d4 Nf6 2. c4 g6 3. Nc3 d5 4. cxd5 Nxd5 5. e4 Nxc3 6. bxc3 $11 Bg7 7. Bc4 c5 8. Ne2 Nc6 9. Be3 O-O 10. O-O Bg4 11. f3 Bd7 12. Rb1 Qc7 13. Bf4 Qc8 14. Bd5 e6 15. Bb3 Rd8 16. Bg5 f6 17. Bh4 Be8 18. f4 Ne7 19. f5 c4 20. Bc2 exf5 21. exf5 Nd5 22. Be4 g5 23. Be1 Bc6 24. Qc1 Qd7 25. Bd2 Re8 26. Bf3 Re7 27. Ng3 Rae8 28. Bh5 Rc8 29. Qc2 Bf8 30. Rbe1 Rxe1 31. Rxe1 Bd6 32. Ne4 Qc7 33. Nxd6 Qxd6 34. Re6 Qa3 35. Bf3 Kf7 36. Qe4 Nxc3 37. Rxf6+ Kxf6 38. Qe5+ Kf7 39. Bh5+ Kg8 40. Qe6+ Kg7 41. Qf7+ Kh8 42. Qf6+ Kg8 43. Bf7+ 1-0

[Event "22nd ETCC Women 2019"]
[Site "Batumi"]
[Date "2019.10.26"]
[Round "3.7"]
[White "Cosma, Elena-Luminita"]
[Black "Khotenashvili, Bela"]
[Result "1/2-1/2"]
[ECO "A49"]
[WhiteElo "2313"]
[BlackElo "2446"]
[Annotator "NA"]
[PlyCount "142"]
[EventDate "2019.10.24"]
[EventType "team-tourn"]
[EventCountry "GEO"]
[SourceTitle "playchess.com"]
[Source "ChessBase"]
[SourceQuality "1"]
[WhiteTeam "Romania"]
[BlackTeam "Georgia"]
[WhiteTeamCountry "ROU"]
[BlackTeamCountry "GEO"]
[TimeControl "40/5400+30:1800+30"]

1. d4 Nf6 2. Nf3 g6 3. g3 b6 4. Bg2 Bb7 5. O-O Bg7 6. c4 O-O 7. Qc2 c5 8. d5 b5 9. Rd1 bxc4 10. e4 e6 11. Qxc4 exd5 12. exd5 d6 13. Nc3 Nbd7 14. Qh4 Qb6 15. Rb1 Rfe8 16. Bh6 Ba6 17. Bxg7 Kxg7 18. Rd2 Qb4 19. Bf1 Bxf1 20. Rxf1 Ne4 21. Rc2 Ndf6 22. Rd1 Rab8 23. Nxe4 Qxe4 24. Qxe4 Rxe4 25. Kf1 a5 26. Rd3 Reb4 27. b3 a4 28. Nd2 Ne4 29. Nxe4 Rxe4 30. bxa4 Rxa4 31. Re2 Rb7 32. a3 Rba7 33. Ree3 Kf6 34. Kg2 h5 35. h4 Rd4 36. Rxd4 cxd4 37. Re4 d3 38. a4 d2 39. Rd4 Rxa4 40. Rxd2 Ke5 41. Re2+ Re4 42. Rd2 Rd4 43. Re2+ Kf5 44. Re7 Kf6 45. Ra7 Rxd5 46. Kf3 Rb5 47. Ra6 Ke5 48. Ra7 Ke6 49. Ra6 Rb3+ 50. Kf4 Rb4+ 51. Kf3 Ke5 52. Ra5+ d5 53. Ra7 Rb3+ 54. Ke2 f6 55. Rg7 Kf5 56. Rd7 Rb5 57. Kf3 Ra5 58. Rd8 Rb5 59. Rd7 g5 60. hxg5 fxg5 61. Rf7+ Kg6 62. Rd7 Kf6 63. Rd8 Rb3+ 64. Ke2 Ke5 65. Rh8 Ke4 66. Rxh5 Rb2+ 67. Ke1 g4 68. Rg5 Kf3 69. Rf5+ Kg2 70. Rf4 Ra2 71. Rxg4 Rxf2 1/2-1/2

[Event "22nd ETCC Women 2019"]
[Site "Batumi"]
[Date "2019.10.26"]
[Round "3.7"]
[White "Osmanodja, Filiz"]
[Black "Hrescak, Ivana"]
[Result "1-0"]
[ECO "B90"]
[WhiteElo "2225"]
[BlackElo "2226"]
[Annotator "NA"]
[PlyCount "81"]
[EventDate "2019.10.24"]
[EventType "team-tourn"]
[EventCountry "GEO"]
[SourceTitle "playchess.com"]
[Source "ChessBase"]
[SourceQuality "1"]
[WhiteTeam "Germany"]
[BlackTeam "Slovenia"]
[WhiteTeamCountry "GER"]
[BlackTeamCountry "SLO"]
[TimeControl "40/5400+30:1800+30"]

1. e4 c5 2. Nf3 d6 3. d4 cxd4 4. Nxd4 Nf6 5. Nc3 a6 6. Be3 e5 7. Nb3 Be7 8. f3 Be6 9. g4 Nbd7 10. Qd2 b5 11. g5 Nh5 12. Nd5 Bxd5 13. exd5 Qc7 14. O-O-O O-O 15. Rg1 Nb6 16. Kb1 Rac8 17. Na5 Nxd5 18. Qxd5 Qxa5 19. Bh3 Rc4 20. Rg4 Qc7 21. c3 g6 22. Bf1 Rxg4 23. fxg4 Ng7 24. h4 Qc8 25. Be2 Ne6 26. Rf1 Qa8 27. Qd2 Qd8 28. Bf3 a5 29. Bd5 a4 30. Qf2 a3 31. h5 axb2 32. hxg6 Nxg5 33. gxf7+ Kg7 34. Qf5 Qc8 35. Bxg5 Qxf5+ 36. Rxf5 Bxg5 37. Rxg5+ Kf6 38. Rg8 Ke7 39. Kxb2 e4 40. Kc2 e3 41. Kd3 1-0

[Event "22nd ETCC Women 2019"]
[Site "Batumi"]
[Date "2019.10.26"]
[Round "3.8"]
[White "Arabidze, Meri"]
[Black "Sandu, Mihaela"]
[Result "1-0"]
[ECO "E63"]
[WhiteElo "2398"]
[BlackElo "2260"]
[Annotator "NA"]
[PlyCount "91"]
[EventDate "2019.10.24"]
[EventType "team-tourn"]
[EventCountry "GEO"]
[SourceTitle "playchess.com"]
[Source "ChessBase"]
[SourceQuality "1"]
[WhiteTeam "Georgia"]
[BlackTeam "Romania"]
[WhiteTeamCountry "GEO"]
[BlackTeamCountry "ROU"]
[TimeControl "40/5400+30:1800+30"]

1. d4 Nf6 2. c4 g6 3. Nf3 Bg7 4. g3 O-O 5. Bg2 d6 6. O-O Nc6 7. Nc3 a6 8. Bf4 Rb8 9. Rc1 h6 10. h3 Bd7 11. a3 Nh5 12. Bd2 e5 13. dxe5 dxe5 14. b4 Be6 15. c5 Qe7 16. e4 Rfd8 17. Re1 Nf6 18. Kh2 Bc4 19. Qc2 Qe6 20. Qb2 Rd7 21. Be3 Rbd8 22. Nd2 Bd3 23. Nb3 Bc4 24. Nd2 Bd3 25. Nb3 Bc4 26. Nd2 Bd3 27. Nb3 Nd4 28. Bxd4 exd4 29. Nd5 Nxe4 30. Nf4 Qf5 31. Nxd3 Nf6 32. c6 bxc6 33. Nbc5 Rd5 34. Bxd5 Nxd5 35. Qd2 g5 36. Qe2 Nc3 37. Qg4 Qd5 38. Re7 Rd6 39. Rce1 Kh7 40. Qh5 Rf6 41. Kg1 Qc4 42. Rxc7 Qa2 43. Nd7 Rf5 44. Qg4 Rb5 45. N7c5 Qd5 46. Rd7 1-0

[Event "22nd ETCC Women 2019"]
[Site "Batumi"]
[Date "2019.10.26"]
[Round "3.8"]
[White "Vidic, Teja"]
[Black "Muetsch, Annmarie"]
[Result "1-0"]
[ECO "A05"]
[WhiteElo "2174"]
[BlackElo "2266"]
[Annotator "NA"]
[PlyCount "107"]
[EventDate "2019.10.24"]
[EventType "team-tourn"]
[EventCountry "GEO"]
[SourceTitle "playchess.com"]
[Source "ChessBase"]
[SourceQuality "1"]
[WhiteTeam "Slovenia"]
[BlackTeam "Germany"]
[WhiteTeamCountry "SLO"]
[BlackTeamCountry "GER"]
[TimeControl "40/5400+30:1800+30"]

1. Nf3 Nf6 2. c4 g6 3. b4 Bg7 4. Bb2 O-O 5. g3 c6 6. Bg2 d5 7. cxd5 Nxd5 8. Bxg7 Kxg7 9. Qb3 a5 10. b5 cxb5 11. Qxb5 Nc6 12. O-O Qd6 13. Qb2+ Kg8 14. Na3 Rb8 15. Rfc1 Qb4 16. Rab1 Qxb2 17. Rxb2 Be6 18. Ng5 Nd4 19. Nxe6 fxe6 20. Kf1 Rfc8 21. Rcb1 Nb4 22. e3 Nf5 23. Nb5 Rc5 24. Nc3 Nd6 25. Ne4 Nxe4 26. Bxe4 b5 27. a3 Na6 28. d4 Rc3 29. Rxb5 Rxb5 30. Rxb5 Rxa3 31. Rb6 Nb4 32. Rxe6 a4 33. Rxe7 Ra1+ 34. Kg2 a3 35. Rb7 a2 36. Rxb4 Rg1+ 37. Kxg1 a1=Q+ 38. Kg2 Qa5 39. Rb8+ Kg7 40. Rb7+ Kg8 41. h4 Qh5 42. Bf3 Qa5 43. e4 Qd2 44. d5 Qd4 45. Rb1 Qe5 46. Rd1 Qd6 47. e5 Qxe5 48. d6 Qe8 49. d7 Qd8 50. Bc6 Kf7 51. Re1 Qc7 52. Kg1 Qa5 53. Re8 Qa1+ 54. Kh2 1-0

[Event "22nd ETCC Women 2019"]
[Site "Batumi"]
[Date "2019.10.26"]
[Round "3.9"]
[White "Brunello, Marina"]
[Black "Milliet, Sophie"]
[Result "1/2-1/2"]
[ECO "B47"]
[WhiteElo "2381"]
[BlackElo "2400"]
[Annotator "NA"]
[PlyCount "105"]
[EventDate "2019.10.24"]
[EventType "team-tourn"]
[EventCountry "GEO"]
[SourceTitle "playchess.com"]
[Source "ChessBase"]
[SourceQuality "1"]
[WhiteTeam "Italy"]
[BlackTeam "France"]
[WhiteTeamCountry "ITA"]
[BlackTeamCountry "FRA"]
[TimeControl "40/5400+30:1800+30"]

1. e4 c5 2. Nf3 Nc6 3. d4 cxd4 4. Nxd4 e6 5. Nc3 Qc7 6. Be2 Nf6 7. O-O Be7 8. Be3 O-O 9. Kh1 d6 10. f4 Nxd4 11. Qxd4 b6 12. Bf3 e5 13. Qd3 Bb7 14. Nb5 Qc6 15. c4 Rfc8 16. b3 a6 17. Nc3 b5 18. Nd5 Nxd5 19. exd5 Qd7 20. c5 dxc5 21. fxe5 c4 22. bxc4 bxc4 23. Qc2 Bc5 24. Bf4 a5 25. Rad1 Ra7 26. Rfe1 Bb4 27. Rf1 c3 28. Rfe1 Ba8 29. e6 fxe6 30. Bg4 Ra6 31. dxe6 Qe7 32. Bf5 Bc6 33. Bxh7+ Kh8 34. Bd3 Ra7 35. Re3 Qh4 36. Bg3 Qh6 37. Qe2 Re7 38. Re5 Be8 39. Rf1 Bg6 40. Bf4 Bxd3 41. Qxd3 Qh7 42. Qa6 Rf8 43. Bg5 Rxf1+ 44. Qxf1 Bd6 45. h4 Bxe5 46. Qf8+ Qg8 47. Qxe7 Qb8 48. Bc1 Bf6 49. Qc5 Qg3 50. Qh5+ Kg8 51. Qf7+ Kh7 52. Qh5+ Kg8 53. Qf7+ 1/2-1/2

[Event "22nd ETCC Women 2019"]
[Site "Batumi"]
[Date "2019.10.26"]
[Round "3.9"]
[White "Avramidou, Anastasia"]
[Black "Houska, Jovanka"]
[Result "1-0"]
[ECO "D35"]
[WhiteElo "2247"]
[BlackElo "2430"]
[Annotator "NA"]
[PlyCount "91"]
[EventDate "2019.10.24"]
[EventType "team-tourn"]
[EventCountry "GEO"]
[SourceTitle "playchess.com"]
[Source "ChessBase"]
[SourceQuality "1"]
[WhiteTeam "Greece"]
[BlackTeam "England"]
[WhiteTeamCountry "GRE"]
[BlackTeamCountry "ENG"]
[TimeControl "40/5400+30:1800+30"]

1. d4 Nf6 2. c4 e6 3. Nc3 d5 4. cxd5 exd5 5. Bg5 c6 6. e3 Bd6 7. Bd3 h6 8. Bh4 O-O 9. Nge2 Re8 10. Qd2 Na6 11. f3 Be6 12. O-O Nb4 13. Bb1 c5 14. Kh1 Nc6 15. Nb5 Be7 16. dxc5 Bxc5 17. Bxf6 Qxf6 18. Nc7 Qe5 19. Nxa8 Bxe3 20. Qd3 d4 21. f4 Qa5 22. Qh7+ Kf8 23. Ng3 Ke7 24. f5 Bc4 25. Bd3 Bd5 26. Be4 Bc4 27. Qxg7 Rxa8 28. f6+ Kd7 29. b3 Be6 30. Bf5 Ne5 31. Qh7 Qd5 32. Rad1 Re8 33. Bxe6+ Rxe6 34. Nf5 Qe4 35. Qg7 Kc7 36. Qf8 Nd7 37. Qxf7 Rxf6 38. Qc4+ Rc6 39. Qg8 Rc2 40. Nxe3 dxe3 41. Qg7 Qe6 42. Qg3+ Kc8 43. Rc1 Rc5 44. Rxc5+ Nxc5 45. Rc1 b6 46. b4 1-0

[Event "22nd ETCC Women 2019"]
[Site "Batumi"]
[Date "2019.10.26"]
[Round "3.10"]
[White "Guichard, Pauline"]
[Black "Sedina, Elena"]
[Result "0-1"]
[ECO "A06"]
[WhiteElo "2407"]
[BlackElo "2294"]
[Annotator "NA"]
[PlyCount "136"]
[EventDate "2019.10.24"]
[EventType "team-tourn"]
[EventCountry "GEO"]
[SourceTitle "playchess.com"]
[Source "ChessBase"]
[SourceQuality "1"]
[WhiteTeam "France"]
[BlackTeam "Italy"]
[WhiteTeamCountry "FRA"]
[BlackTeamCountry "ITA"]
[TimeControl "40/5400+30:1800+30"]

1. Nf3 d5 2. g3 Bg4 3. Bg2 c6 4. O-O Nd7 5. d3 Ngf6 6. Qe1 e5 7. e4 dxe4 8. dxe4 Bxf3 9. Bxf3 a5 10. a4 Bb4 11. Bd2 Bxd2 12. Nxd2 O-O 13. Nc4 Qc7 14. Qc3 Rfe8 15. Rfd1 b6 16. Nd6 Re6 17. Nf5 g6 18. Nh6+ Kg7 19. Qe3 Nc5 20. Rd2 Ng8 21. Nxg8 Kxg8 22. Rad1 Ree8 23. Qg5 Qe7 24. Qxe7 Rxe7 25. b3 Kf8 26. Bg2 Raa7 27. f3 Red7 28. Bf1 Ke7 29. Bc4 Rxd2 30. Rxd2 f6 31. h4 Rb7 32. Rd1 Rb8 33. Kf2 Ne6 34. Ke3 Nc5 35. Ra1 b5 36. axb5 cxb5 37. Bd5 a4 38. bxa4 bxa4 39. Kd2 Kd6 40. Kc3 Rc8 41. Bc4 Rb8 42. Rd1+ Kc7 43. Bd5 Nd7 44. f4 Nb6 45. Kd3 Nd7 46. Ra1 Kd6 47. Kc3 Nb6 48. Ba2 Rc8+ 49. Kd3 Kc5 50. c3 Rd8+ 51. Kc2 Re8 52. Re1 exf4 53. gxf4 Nc4 54. Kd3 Rd8+ 55. Ke2 Rd2+ 56. Kf3 Rxa2 57. e5 fxe5 58. fxe5 Rd2 59. e6 Rd8 60. Kf4 h6 61. h5 Rf8+ 62. Kg4 gxh5+ 63. Kxh5 Kd6 64. Kg6 Ne5+ 65. Kg7 Re8 66. Ra1 Ra8 67. Kf6 Rf8+ 68. Kg7 Rf4 {[%emt 0:00:14] Kf7} 0-1

[Event "22nd ETCC Women 2019"]
[Site "Batumi"]
[Date "2019.10.26"]
[Round "3.10"]
[White "Toma, Katarzyna"]
[Black "Pavlidou, Ekaterini"]
[Result "1-0"]
[ECO "B32"]
[WhiteElo "2272"]
[BlackElo "2183"]
[Annotator "NA"]
[PlyCount "51"]
[EventDate "2019.10.24"]
[EventType "team-tourn"]
[EventCountry "GEO"]
[SourceTitle "playchess.com"]
[Source "ChessBase"]
[SourceQuality "1"]
[WhiteTeam "England"]
[BlackTeam "Greece"]
[WhiteTeamCountry "ENG"]
[BlackTeamCountry "GRE"]
[TimeControl "40/5400+30:1800+30"]

1. e4 c5 2. Nf3 Nc6 3. d4 cxd4 4. Nxd4 e5 5. Nb5 d6 6. a4 Be6 7. N1c3 a6 8. Na3 Be7 9. Nc4 Nf6 10. Bg5 Nd4 11. Bxf6 Bxf6 12. a5 Rc8 13. Nb6 Rc5 14. Bd3 Bg5 15. Ncd5 Bxd5 16. exd5 Qf6 17. c3 Nf5 18. Qa4+ Rb5 19. Bxb5+ axb5 20. Qxb5+ Ke7 21. Qd7+ Kf8 22. Qc8+ Ke7 23. Qxb7+ Ke8 24. Qc8+ Ke7 25. Qxh8 Ne3 26. Qf8+ 1-0

[Event "22nd ETCC Women 2019"]
[Site "Batumi"]
[Date "2019.10.26"]
[Round "3.11"]
[White "Gueci, Tea"]
[Black "Navrotescu, Andreea-Cristiana"]
[Result "0-1"]
[ECO "C11"]
[WhiteElo "2265"]
[BlackElo "2241"]
[Annotator "NA"]
[PlyCount "64"]
[EventDate "2019.10.24"]
[EventType "team-tourn"]
[EventCountry "GEO"]
[SourceTitle "playchess.com"]
[Source "ChessBase"]
[SourceQuality "1"]
[WhiteTeam "Italy"]
[BlackTeam "France"]
[WhiteTeamCountry "ITA"]
[BlackTeamCountry "FRA"]
[TimeControl "40/5400+30:1800+30"]

1. e4 e6 2. d4 d5 3. Nc3 Nf6 4. e5 Nfd7 5. f4 c5 6. Nf3 Nc6 7. Be3 Be7 8. Qd2 O-O 9. dxc5 Qa5 10. a3 Bxc5 11. Bxc5 Nxc5 12. O-O-O a6 13. Nd4 Rd8 14. Kb1 Qc7 15. Qe3 b5 16. h4 Rb8 17. Nxc6 Qxc6 18. Rd4 a5 19. Na2 Ba6 20. h5 Rdc8 21. Be2 b4 22. axb4 Bxe2 23. Qxe2 axb4 24. Rxb4 Rxb4 25. Nxb4 Qa4 26. c3 Ra8 27. Rd1 Ne4 28. Rd3 h6 29. g4 Nc5 30. Rd1 Qb3 31. Qc2 Qc4 32. Rd4 Nb3 0-1